 Dungeon Crawl Stone Soup version 0.28.0-53-g5a82cb258f (webtiles) character file.

Game seed: 17595701942278969347

18 styxcanada the Sneak (level 2, -1/14 HPs)
             Began as a Spriggan Brigand on Aug 11, 2022.
             Slain by a hound (2 damage)
             ... on level 2 of the Dungeon.
             The game lasted 00:02:55 (1122 turns).

styxcanada the Sneak (Spriggan Brigand)             Turns: 1122, Time: 00:02:55

Health: -1/14      AC:  3    Str:  7    XL:     2   Next: 51%
Magic:  3/3        EV: 16    Int: 12    God:
Gold:   67         SH:  0    Dex: 16    Spells: 1/1 levels left

rFire   . . .      SeeInvis +   a - +2 dagger
rCold   . . .      Faith    .   (no shield)
rNeg    . . .      Spirit   .   b - +0 robe
rPois   .          Reflect  .   (helmet restricted)
rElec   .          Harm     .   c - +0 cloak
rCorr   .          Rampage  .   (gloves unavailable)
Will    .....                   (boots unavailable)
Stlth   ++++......              (no amulet)
HPRegen 0.04/turn               (no ring)
MPRegen 0.08/turn               (no ring)

@: very quick
A: very small, no large weapons, unfitting armour, see invisible, speed 3
a: no special abilities


You were on level 2 of the Dungeon.
You visited 1 branch of the dungeon, and saw 2 of its levels.

You collected 67 gold pieces.

Inventory:

Hand Weapons
 a - a +2 dagger (weapon)
Missiles
 d - 8 poisoned darts (quivered)
 e - 2 curare-tipped darts
 f - 28 stones
Armour
 b - a +0 robe (worn)
 c - a +0 cloak (worn)
Scrolls
 g - a scroll of magic mapping {unknown}
 h - a scroll of identify {unknown}
 i - a scroll of blinking {unknown}
 k - a scroll of enchant weapon {unknown}
 l - a scroll of acquirement {unknown}
Potions
 j - a potion of haste {unknown}


   Skills:
 * Level 1.5 Fighting
 + Level 2.2 Short Blades
 + Level 2.0 Throwing
 * Level 1.6 Dodging
 * Level 6.9 Stealth


You had one spell level left.
You didn't know any spells.
Your spell library contained the following spells:

 Spells                   Type           Power      Damage    Failure   Level
 Frozen Ramparts          Ice            0%         1d2       69%         3
 Ice Form                 Ice/Tmut       0%         N/A       97%         4
 Summon Ice Beast         Ice/Summ       0%         N/A       97%         4


Dungeon Overview and Level Annotations

Branches:
Dungeon (2/15)

Altars:


Innate Abilities, Weirdness & Mutations

You are very small and have problems with some larger weapons.
You are too small for most types of armour.
You have supernaturally acute eyesight. (SInv)
You cover ground extremely quickly. (Speed+++)


Message History

The worm completely misses you.
You barely miss the worm.
The worm is severely wounded.
You hit the worm.
The worm is severely wounded.
You kill the worm!
d - 3 poisoned darts (gained 1)
d - 4 poisoned darts (gained 1)
d - 5 poisoned darts (gained 1)
d - 6 poisoned darts (gained 1)
d - 7 poisoned darts (gained 1)
f - 28 stones (gained 14)
d - 8 poisoned darts (gained 1)
You start waiting.
Done waiting.
You now have 67 gold pieces (gained 17).
A hound comes into view.
Found a spear.
A frilled lizard comes into view.
You hit the hound.
The hound is moderately wounded.
The hound closely misses you.
You hit the hound.
The hound is moderately wounded.
The hound bites you.
You barely miss the hound.
The hound is moderately wounded.
The hound bites you. x2
You barely miss the hound.
The hound is moderately wounded.
The hound closely misses you.
You hit the hound.
The hound is heavily wounded.
The frilled lizard hisses angrily.
The hound bites you.
* * * LOW HITPOINT WARNING * * *
You barely miss the hound.
The hound is heavily wounded.
The hound barely misses you. The hound bites you.
You die...

#........########
.#####..........
#.#########
#.......#
####....#
#.#######+##
##...........
+..........).
###..@.......
#..h.......
#..........
#..........
#.......l..
#..........
#..........
#..........


You could see a hound and a frilled lizard.

Vanquished Creatures
  A worm (D:2)
  A ball python (D:1)
  An endoplasm (D:1)
  2 goblins
  3 hobgoblins (D:1)
  2 quokkas (D:1)
  2 bats (D:1)
  A frilled lizard (D:1)
  A kobold (D:1)
14 creatures vanquished.

Notes
Turn   | Place    | Note
-------+----------+-------------------------------------------
     0 | D:1      | styxcanada the Spriggan Brigand began the quest for the
                  | Orb.
     0 | D:1      | Reached XP level 1. HP: 10/10 MP: 2/2
    42 | D:1      | Reached skill level 6 in Stealth
   299 | D:1      | Reached XP level 2. HP: 14/14 MP: 3/3
  1122 | D:2      | Slain by a hound

Illustrated notes

Levels and vault maps discovered:
D:1:      eino_arrival_cavern_a, layout_basic
D:2:      minmay_chambers_of_ones, layout_basic, basic_altar

Skill      XL: |  1 |
---------------+----+-----
Stealth        | 6 |  6.9
Fighting       | |  1.5
Short Blades   | |  2.2
Throwing       | |  2.0
Dodging        | |  1.6

Action                   || total
-------------------------++-------
Melee: Dagger            ||    34
Throw: Dart              ||     6
 Stab: Sleeping          ||     7
Armor: Robe              ||     2
Dodge: Dodged            ||    11
